 Dungeon Crawl Stone Soup version 0.30.1-11-g7821555f0a (webtiles) character file.

Game seed: 10373095075073881356

1632 Brotato the Ruffian (level 8, -1/78 HPs)
             Began as a Troll Berserker on Dec 20, 2023.
             Was an Elder of Trog.
             Killed from afar by an orc wizard (11 damage)
             ... with a puff of flame
             ... on level 8 of the Dungeon.
             The game lasted 00:13:32 (4996 turns).

Brotato the Ruffian (Troll Berserker)               Turns: 4996, Time: 00:13:33

Health: -1/78      AC:  4    Str: 29    XL:     8   Next: 66%
Magic:  7/7        EV: 11    Int:  3    God:    Trog [****..]
Gold:   403        SH:  5    Dex: 11    Spells: 7/7 levels left

rFire   . . .        n - +8 spear of Destiny {drain, rN+ Str+3 Stlth+}
rCold   . . .        (no shield)
rNeg    + . .        a - +0 animal skin
rPois   .            (helmet restricted)
rElec   .            (no cloak)
rCorr   .            (gloves unavailable)
SInv    .            (boots unavailable)
Will    .....        k - amulet of reflection
Stlth   +++          (no ring)
HPRegen 1.13/turn    (no ring)
MPRegen 0.10/turn

%: reflection
@: no status effects
A: large, unfitting armour, claws 3, regeneration 1, shaggy fur 1, tough skin 1
a: Renounce Religion, Berserk, Trog's Hand, Brothers in Arms


You were on level 8 of the Dungeon.
You worshipped Trog.
Trog was greatly pleased with you.
You visited 1 branch of the dungeon, and saw 8 of its levels.

You collected 433 gold pieces.
You spent 30 gold pieces at shops.

Inventory:

Hand Weapons
 h - a +0 sling
 n - the +8 spear of Destiny (weapon) {drain, rN+ Str+3 Stlth+}
   (You found it on level 2 of the Dungeon)

   Str:       It affects your strength (+3).
   rN:        It protects you from negative energy.
   Stlth:     It makes you more stealthy.
Missiles
 o - 31 poisoned darts (quivered)
 z - 6 curare-tipped darts
Armour
 a - a +0 animal skin (worn)
Jewellery
 k - an amulet of reflection (around neck)
Wands
 w - a wand of charming (9)
 B - a wand of flame (17)
 C - a wand of polymorph (3)
Scrolls
 c - a scroll of butterflies {unknown}
 d - 3 scrolls of blinking {unknown}
 e - a scroll of silence {unknown}
 i - a scroll of acquirement {unknown}
 m - a scroll of fog {unknown}
 q - 2 scrolls of enchant weapon {unknown}
 s - 4 scrolls of identify {unknown}
 t - 2 scrolls of immolation {unknown}
 u - 2 scrolls of torment {unknown}
 x - 5 scrolls of teleportation
 y - a scroll of fear {unknown}
 A - 2 scrolls of enchant armour {unknown}
Potions
 b - 4 potions of curing
 f - a potion of resistance {unknown}
 g - 3 potions of invisibility {unknown}
 j - 3 potions of heal wounds {unknown}
 l - 3 potions of magic {unknown}
 p - a potion of attraction {unknown}
 r - a potion of lignification {unknown}
 v - 4 potions of flight


   Skills:
 + Level 4.1 Fighting
 + Level 4.5 Polearms
 + Level 0.6 Throwing
 + Level 4.2 Dodging
 + Level 3.0 Stealth
 + Level 2.0 Shields
 + Level 5.3 Unarmed Combat


You had 7 spell levels left.
You didn't know any spells.
Your spell library was empty.

Dungeon Overview and Level Annotations

Branches:
Dungeon (8/15)             Temple (0/1) D:6
   Lair: D:8-11

Altars:
Ashenzari
Cheibriados
Sif Muna
Trog

Shops:
D:2 =   D:5 :   D:6 !

Annotations:
D:5 1 runed translucent door, Crazy Yiuf


Innate Abilities, Weirdness & Mutations

You are too large for most types of armour.
You have claws for hands.
Your natural rate of healing is unusually fast.
You are covered in fur. (AC +1)
You have tough skin. (AC +1)


Message History

You puncture the orc!
You kill the orc!
Trog accepts your kill.
An orc warrior comes into view. It is wielding a +0 trident.
You hit the orc wizard.
The orc wizard is heavily wounded.
The orc wizard casts a spell at you. The magic dart hits you.
The orc warrior hits you from afar with a +0 glaive!!
You barely miss the orc wizard.
The orc wizard is heavily wounded.
The orc wizard casts a spell at you. The magic dart hits you.
The orc warrior barely misses you.
You closely miss the orc wizard.
The orc wizard is heavily wounded.
You closely miss the orc wizard.
The orc wizard is heavily wounded.
The orc wizard hits you with a +0 dagger.
An orc wizard comes into view. It is wielding a +0 dagger.
You block the orc warrior's attack.
You hit the orc wizard.
The orc wizard is heavily wounded.
The orc warrior hits you from afar with a +0 trident.
The orc wizard casts a spell.
The orc wizard flickers and vanishes!
Deactivating autopickup; reactivate with Ctrl-A.
The orc warrior hits you from afar with a +0 glaive!
You hear a shout!
The orc wizard hits you but does no damage.
The orc warrior hits you with a +0 trident.
The orc warrior hits you from afar with a +0 trident!
* * * LOW HITPOINT WARNING * * *
A magic dart appears from out of thin air!
The magic dart hits you.
* * * LOW HITPOINT WARNING * * *
The orc wizard barely misses you.
An orc wizard comes into view. It is wielding a +0 dagger.
The orc wizard gestures at you while chanting.
The puff of flame hits you!
You die...

....# #.....#
#.###
###...### ..#
#.....# ###
######.....#
.
........⌠..##
#
.#####......#
#.........#
#.###.###.#
#.#.@.# #.#
#.#o#.###.##
#..........#
##oo#.####.#
#...#.# #.#
#.....)#o#
#.#
#.##.#.#.#
#.# #
#.##.#.# #.#
## #.#.# #.#


You could see 2 orc warriors and 2 orc wizards.

Vanquished Creatures
  Grinder (D:3)
  Sigmund (D:3)
  An ogre (D:6)
  2 centaurs
  A kobold brigand (D:7)
  2 scorpions
  3 orc priests
  A gnoll bouda (D:4)
  3 hounds
  A jelly (D:7)
  An iguana (D:6)
  4 sleepcaps
  7 orc wizards
  Natasha (twice) (D:3)
  A mummy (D:7)
  Robin (D:2)
  5 gnolls (D:4)
  7 adders
  A white imp (D:7)
  A dart slug (D:3)
  14 orcs
  5 endoplasms
  3 giant cockroaches
  13 goblins
  10 hobgoblins
  2 jackals (D:4)
  4 quokkas
  4 ball pythons
  3 bats
  2 frilled lizards (D:2)
  A hobgoblin zombie (D:7)
  15 kobolds
  A kobold zombie (D:7)
  2 orc zombies (D:7)
  5 rats
130 creatures vanquished.

Notes
Turn   | Place    | Note
-------+----------+-------------------------------------------
     0 | D:1      | Brotato the Troll Berserker began the quest for the Orb.
     0 | D:1      | Reached XP level 1. HP: 22/22 MP: 0/0
   186 | D:1      | Reached XP level 2. HP: 29/29 MP: 1/1
   551 | D:2      | Reached XP level 3. HP: 36/36 MP: 2/2
   649 | D:2      | Noticed Robin
   667 | D:2      | Killed Robin
   672 | D:2      | Reached ** piety under Trog
   737 | D:2      | Reached XP level 4. HP: 45/45 MP: 3/3
   771 | D:2      | Identified the +8 spear of Destiny {drain, rN+ Str+3
                  | Stlth+}
   863 | D:2      | Found Seylivog's Jewellery Shoppe.
  1282 | D:3      | Reached skill level 4 in Unarmed Combat
  1377 | D:3      | Noticed Sigmund
  1389 | D:3      | Killed Sigmund
  1390 | D:3      | Reached skill level 1 in Polearms
  1390 | D:3      | Reached XP level 5. HP: 41/53 MP: 4/4
  1412 | D:3      | Noticed Grinder
  1417 | D:3      | Reached skill level 1 in Stealth
  1417 | D:3      | Reached XP level 6. HP: 61/61 MP: 5/5
  1418 | D:3      | Noticed Natasha
  1423 | D:3      | Killed Natasha
  1424 | D:3      | Reached skill level 1 in Shields
  1437 | D:3      | Paralysed by Grinder for 3 turns
  1452 | D:3      | Paralysed by Grinder for 3 turns
  1456 | D:3      | Killed Grinder
  1457 | D:3      | Reached skill level 5 in Unarmed Combat
  1637 | D:3      | Noticed Natasha
  1644 | D:3      | Killed Natasha
  1645 | D:3      | Reached XP level 7. HP: 64/67 MP: 6/6
  2393 | D:5      | Entered Level 5 of the Dungeon
  2454 | D:5      | Reached *** piety under Trog
  2514 | D:5      | Found Oqosepiyl's Vocational Training.
  2927 | D:5      | Found a bloodstained altar of Trog.
  3086 | D:5      | Found a runed translucent door.
  3087 | D:5      | Noticed Crazy Yiuf
  3449 | D:6      | Found a staircase to the Ecumenical Temple.
  3454 | D:6      | Found a shimmering blue altar of Sif Muna.
  3488 | D:6      | Reached XP level 8. HP: 65/78 MP: 7/7
  3569 | D:6      | Found Rooboethu's Distillery.
  3579 | D:6      | Bought a potion of flight for 30 gold pieces
  4062 | D:7      | Reached **** piety under Trog
  4342 | D:7      | Found a broken altar of Ashenzari.
  4472 | D:7      | Found a snail-covered altar of Cheibriados.
  4996 | D:8      | Killed from afar by an orc wizard

Illustrated notes

Levels and vault maps discovered:
D:1:      roderic_chinese_lattice_arrival, layout_rooms
D:2:      layout_loops_ring, serial_shops, shop, kennysheep_potato, uniq_robin
D:3:      layout_rooms, uniq_grinder, uniq_sigmund, uniq_natasha
D:4:      layout_loops_cross, kennysheep_dice
D:5:      layout_loops_corners, kennysheep_mini, nicolae_shop_vocational,
          uniq_crazy_yiuf_cottage
D:6:      layout_basic, mainiacjoe_overflow_boulevard,
          minmay_temple_entry_ruins, serial_shops, shop,
          hangedman_decor_slide_cut, serial_bayou_pond_d
D:7:      layout_basic, mainiacjoe_overflow_cross_hatched,
          ashenzari_conservatory_becter, minmay_mini_ossuary
D:8:      layout_basic, overflow_temple_1_default, hangedman_decor_riveting,
          minmay_misc_feat_tiny, solitary_fountain

Skill      XL: |  1  2  3  4  5  6  7  8 |
---------------+-------------------------+-----
Dodging        | 3 4 |  4.2
Fighting       | 3 4 |  4.1
Unarmed Combat | 4 5 |  5.3
Polearms       | 1 2 3 4 |  4.5
Stealth        | 1 2 3 |  3.0
Shields        | 1 2 |  2.0
Throwing       | |  0.6

Action                     |  1- 3 |  4- 6 |  7- 9 || total
---------------------------+-------+-------+-------++-------
  Melee: Unarmed           |    96 |     1 |       ||    97
         Spear             |       |    55 |   176 ||   231
         Punch             |       |       |     3 ||     3
  Throw: Dart              |       |     4 |       ||     4
    Use: Scroll            |     1 |       |       ||     1
   Stab: Sleeping          |     1 |     3 |    13 ||    17
         Distracted        |       |       |     2 ||     2
 Armour: Animal skin       |    24 |     2 |    36 ||    62
  Dodge: Dodged            |    44 |     7 |    50 ||   101
  Block: Other             |    19 |     7 |    23 ||    49
         Reflection        |       |       |     2 ||     2
